AoeStats
← elhijochiquito

Oasis

509600052Analyzed
4v4 RM · 5d ago on Sep 27, 2026· 58m 6s· 8 players
Game mode
Random Map
Map size
Large (8 player)
Population
200
Speed
Normal
Resources
Standard
Victory
Conquest
Starting age
Dark Age
Ending age
Imperial Age
RankedLock teamsTeams togetherTeam positionsShared explorationLock speedFull tech treeHidden civsTurbo modeCheats
Victory
Defeat
🇦🇺 Goths · Australia
1143
+14
🇳🇴 Spanish · Norway
1109
+15
🇨🇳 Saracens · China
1104
+15
🇨🇳 Khmer · China
1101
+16
🇨🇳 Dravidians · China
1176
-18
🇮🇳 Georgians · India
1100
-15
🇨🇳 Cumans · China
1066
-14
🇨🇳 Maya · China
1034
-13
Sharion
3:17 Loom
12:05 Feudal Age
14:03 Double-Bit Axe
17:08 Castle Age
15:11 Horse Collar
18:26 Stone Mining
23:36 Wheelbarrow
25:58 Husbandry
26:42 Town Watch
27:15 Bloodlines
29:07 Hand Cart
29:26 Fletching
30:57 Caravan
34:41 Imperial Age
32:05 Gold Mining
32:26 Heavy Plow
32:52 Bow Saw
33:43 Ballistics
33:21 Bodkin Arrow
35:00 Murder Holes
35:53 Masonry
37:45 Fortified Wall
37:51 Padded Archer Armor
38:06 Forging
37:18 Cavalier
38:47 Leather Archer Armor
39:31 Architecture
39:47 Conscription
40:29 Scale Barding Armor
41:36 Iron Casting
43:53 Blast Furnace
43:13 Chain Barding Armor
45:39 Paladin
47:23 Plate Barding Armor
51:54 Stone Shaft Mining
53:46 Chemistry
elhijochiquito
1:59 Loom
12:14 Feudal Age
17:18 Castle Age
15:34 Double-Bit Axe
15:55 Horse Collar
16:53 Stone Mining
23:58 Wheelbarrow
27:26 Bow Saw
27:27 Heavy Plow
27:55 Squires
33:26 Imperial Age
33:32 Imperial Age
30:43 Pikeman
31:28 Scale Mail Armor
33:11 Forging
33:48 Gold Mining
35:38 Crop Rotation
35:43 Perfusion
36:06 Conscription
35:09 Man-at-Arms
36:53 Iron Casting
36:34 Chain Mail Armor
35:45 Long Swordsman
36:04 Two-Handed Swordsman
39:11 Halberdier
49:04 Hand Cart
54:14 Stone Shaft Mining
53:04 Capped Ram
NickJiang
10:26 Feudal Age
13:52 Castle Age
12:27 Double-Bit Axe
15:29 Bow Saw
16:08 Wheelbarrow
15:19 Horse Collar
27:57 Imperial Age
26:29 Hand Cart
25:59 Loom
26:58 Scale Barding Armor
27:35 Bloodlines
27:25 Husbandry
27:58 Heavy Plow
28:33 Chain Barding Armor
28:25 Forging
29:03 Tusk Swords
28:34 Elite Battle Elephant
30:40 Plate Barding Armor
30:41 Iron Casting
30:36 Conscription
31:20 Crop Rotation
33:47 Blast Furnace
35:33 Caravan
52:47 Siege Engineers
52:40 Capped Ram
53:47 Siege Ram
57:03 Spies/Treason
bluestorm
6:24 Loom
9:09 Feudal Age
9:42 Double-Bit Axe
15:22 Horse Collar
16:19 Fletching
20:15 Wheelbarrow
22:16 Castle Age
22:34 Bloodlines
22:40 Scale Barding Armor
22:45 Forging
23:10 Stone Mining
23:32 Town Watch
24:47 Bow Saw
24:39 Heavy Plow
25:48 Chain Barding Armor
26:04 Iron Casting
26:05 Husbandry
29:47 Hand Cart
30:35 Gold Mining
36:34 Imperial Age
34:53 Caravan
36:43 Bodkin Arrow
36:11 Light Cavalry
37:16 Ballistics
36:45 Elite Mameluke
37:46 Conscription
38:33 Siege Engineers
39:39 Blast Furnace
39:15 Plate Barding Armor
40:23 Hoardings
41:28 Two-Man Saw
43:56 Coinage
45:07 Banking
45:22 Bracer
46:25 Chemistry
46:29 Counterweights
47:17 Capped Ram
48:35 Murder Holes
ektum_inside
0:45 Loom
10:29 Feudal Age
10:59 Double-Bit Axe
12:14 Horse Collar
19:57 Castle Age
18:11 Stone Mining
18:26 Fletching
18:27 Town Watch
19:15 Gold Mining
21:46 Bodkin Arrow
23:02 Svan Towers
26:47 Bow Saw
34:04 Imperial Age
32:32 Stone Shaft Mining
33:39 Wheelbarrow
33:28 Treadmill Crane
37:14 Chemistry
36:46 Bracer
37:06 Hand Cart
38:26 Masonry
38:53 Murder Holes
38:52 Elite Monaspa
40:22 Guard Tower
40:53 Ballistics
43:00 Keep
43:34 Arrowslits
48:11 Architecture
人在阵地在
0:31 Loom
14:43 Feudal Age
15:56 Feudal Age
25:45 Castle Age
24:30 Stone Mining
24:33 Horse Collar
24:48 Double-Bit Axe
25:38 Gold Mining
26:04 Fletching
25:49 Elite Skirmisher
30:11 Bodkin Arrow
30:16 Crossbowman
30:24 Crossbowman
31:50 Padded Archer Armor
34:26 Leather Archer Armor
34:23 Thumb Ring
40:19 Imperial Age
Mars'plants
11:02 Feudal Age
15:31 Castle Age
13:22 Double-Bit Axe
13:20 Horse Collar
17:23 Loom
24:55 Wheelbarrow
24:45 Bow Saw
24:38 Heavy Plow
26:40 Hand Cart
26:11 Town Watch
27:10 Man-at-Arms
30:43 Imperial Age
28:22 Long Swordsman
28:22 Pikeman
28:47 Gambesons
29:03 Squires
28:48 Arson
29:19 Forging
29:09 Scale Mail Armor
29:42 Gold Mining
31:05 Iron Casting
30:59 Chain Mail Armor
31:55 Conscription
31:55 Wootz Steel
30:59 Two-Handed Swordsman
31:50 Halberdier
31:50 Champion
33:35 Blast Furnace
33:20 Plate Mail Armor
805678789
5:18 Loom
10:19 Feudal Age
12:35 Double-Bit Axe
20:43 Horse Collar
23:16 Wheelbarrow
26:38 Castle Age
25:38 Bloodlines
25:34 Scale Barding Armor
26:34 Forging
26:31 Gold Mining
28:31 Chain Barding Armor
28:38 Bow Saw
29:19 Heavy Plow
31:11 Hand Cart
30:43 Town Watch
33:10 Gold Shaft Mining
Connection lost

Rejoining the realm…

Still unreachable

The connection could not be restored.

Session expired

The server has moved on; the page needs a fresh start.